 Dungeon Crawl Stone Soup version 0.32-a0-886-g41c5271027 (webtiles) character file.

Game seed: 847209973614716681

181 Biggs the Shooter (level 5, -1/38 HPs)
             Began as a Coglin Hunter on Apr 2, 2024.
             Shot with an arrow by a centaur (13 damage)
             ... on level 4 of the Dungeon.
             The game lasted 00:03:01 (2391 turns).

Biggs the Shooter (Coglin Hunter)                   Turns: 2391, Time: 00:03:02

Health: -1/38      AC:  3    Str: 11    XL:     5   Next: 61%
Magic:  5/5        EV: 11    Int:  9    God:
Gold:   130        SH:  0    Dex: 19    Spells: 4/4 levels left

rFire   . . .        a - +2 sling {Ingrid}
rCold   . . .        d - +0 sling {Kanchana}
rNeg    . . .        c - +0 leather armour
rPois   .            (no helmet)
rElec   .            (no cloak)
rCorr   .            (no gloves)
SInv    .            (no boots)
Will    .....        (amulet unavailable)
Stlth   ++           (ring unavailable)
HPRegen 0.26/turn    (ring unavailable)
MPRegen 0.09/turn    (no gizmo)

%: no passive effects
@: revved
A: off-hand wielding, slow wielding, warmup strikes, no jewellery
a: Invent Gizmo


You were on level 4 of the Dungeon.
You visited 1 branch of the dungeon, and saw 4 of its levels.

You collected 130 gold pieces.

Inventory:

Hand Weapons
 a - a +2 sling (weapon) {Ingrid}
 d - a +0 sling (offhand) {Kanchana}
Armour
 c - a +0 leather armour (worn)
Wands
 g - a wand of flame (14)
 q - a wand of polymorph (8)
Scrolls
 b - a scroll of butterflies
 e - a scroll of revelation
 f - a scroll of blinking
 h - 2 scrolls of fog
 j - a scroll of vulnerability {unknown}
 k - a scroll of enchant armour {unknown}
Potions
 i - 2 potions of curing {unknown}
 l - a potion of invisibility {unknown}
 m - 2 potions of magic {unknown}
 n - a potion of lignification {unknown}
 o - 2 potions of berserk rage {unknown}
 p - 2 potions of might {unknown}


   Skills:
 - Level 2.0 Fighting
 + Level 6.1 Ranged Weapons
 - Level 1.7 Dodging
 - Level 0.7 Stealth


You had 4 spell levels left.
You didn't know any spells.
Your spell library contained the following spells:

 Spells                   Type           Power      Damage    Failure   Level
 Mercury Vapours          Alch/Air       0%         N/A       63%         2
 Hailstorm                Conj/Ice       0%         3d5       85%         3
 Mephitic Cloud           Conj/Alch/Air  0%         N/A       85%         3
 Summon Ice Beast         Ice/Summ       0%         N/A       85%         3
 Freezing Cloud           Conj/Ice/Air   0%         6-21      100%        5
 Permafrost Eruption      Ice/Erth       0%         2x4d1     100%        6
 Sculpt Simulacrum        Ice/Alch       0%         N/A       100%        6


Dungeon Overview and Level Annotations

Branches:
Dungeon (4/15)
 Temple: D:4-7

Altars:
Wu Jian


Innate Abilities, Weirdness & Mutations

You can wield a second weapon in your off-hand.
It takes a long time for you to wield or remove held weapons.
Your first few attacks do less damage.
You cannot equip rings or amulets.


Message History

A centaur comes into view.
Found a club.
Unknown command.
A centaur is nearby!
You shoot a sling bullet. The sling bullet hits the centaur!
The centaur shouts!
The centaur is moderately wounded.
You shoot a sling bullet.
The sling bullet hits the centaur but does no damage.
The centaur is moderately wounded.
You hear a bark!
A hound comes into view.
Unknown command.
You shoot a sling bullet.
The sling bullet hits the centaur but does no damage.
The centaur is moderately wounded.
You shoot a sling bullet. The sling bullet hits the centaur.
The centaur is heavily wounded.
The centaur wields a +0 orcbow.
The centaur shoots an arrow.
The arrow hits you!
The centaur shoots an arrow.
The arrow hits you!
You are too injured to fight recklessly!
You are too injured to fight recklessly!
Unknown command.
You are too injured to fight recklessly!
Unknown command.
Unknown command.
You are too injured to fight recklessly!
You are too injured to fight recklessly!
Fire: a) +2 sling {Ingrid}
Press: ? - help, Q - select action, (/) - cycle Shift-Dir - straight line, f/p - centaur
Aim: a centaur, wielding a +0 orcbow (heavily wounded, 75% to hit)
You shoot a sling bullet.
The sling bullet closely misses the centaur.
The sling bullet hits the hound.
The hound is lightly wounded.
You shoot a sling bullet.
The sling bullet hits the centaur but does no damage.
The centaur is heavily wounded.
The centaur shoots an arrow.
The arrow hits you!
You die...

##### #.)... #......
########## .......
.......... .......
.........####.......
#.........#.@.......
#...........".......
#.....>...####......
#......<..# .)....
#..>......# .ch..
#.........# .....
#..(......# ....
..........# ....
#.........#


You could see a centaur and a hound.

Vanquished Creatures
  A jelly (D:3)
  3 adders (D:3)
  4 gnolls (D:2)
  5 ribbon worms
  A dart slug (D:1)
  8 endoplasms
  6 giant cockroaches
  2 goblins
  8 hobgoblins
  2 jackals
  2 quokkas
  4 ball pythons
  8 bats
  8 frilled lizards
  6 kobolds
  5 rats
73 creatures vanquished.

Notes
Turn   | Place    | Note
-------+----------+-------------------------------------------
     0 | D:1      | Biggs the Coglin Hunter began the quest for the Orb.
     0 | D:1      | Reached XP level 1. HP: 16/16 MP: 1/1
    74 | D:1      | You fall into a shaft and drop 1 floor!
   123 | D:2      | Found an ornate altar of the Wu Jian Council.
   258 | D:2      | Reached skill level 4 in Ranged Weapons
   258 | D:2      | Reached XP level 2. HP: 15/22 MP: 2/2
   508 | D:1      | Reached XP level 3. HP: 27/27 MP: 3/3
  1447 | D:2      | Reached skill level 5 in Ranged Weapons
  1448 | D:2      | Reached XP level 4. HP: 33/33 MP: 4/4
  1902 | D:3      | Reached XP level 5. HP: 38/38 MP: 5/5
  2150 | D:3      | Reached skill level 6 in Ranged Weapons
  2388 | D:4      | Noticed a centaur
  2391 | D:4      | Shot with an arrow by a centaur

Illustrated notes

Levels and vault maps discovered:
D:1:      amcnicky_arrival_double_pillar, layout_basic, minmay_small_reverse_x
D:2:      minmay_razor_zed, layout_loops_corners, basic_altar,
          dreamdust_mushroom_princess, palyth_stone_intersect
D:3:      layout_loops_cross
D:4:      layout_rooms, nicolae_overflow_macrodata_refinement, temple_statues

Skill      XL: |  1  2  3  4  5 |
---------------+----------------+-----
Ranged Weapons | 4 5 6 |  6.1
Fighting       | |  2.0
Dodging        | |  1.7
Stealth        | |  0.7

Action                     |  1- 3 |  4- 6 || total
---------------------------+-------+-------++-------
   Fire: Sling             |   166 |   138 ||   304
    Use: Scroll            |       |     3 ||     3
 Armour: Leather armour    |     9 |    12 ||    21
  Dodge: Dodged            |     9 |     6 ||    15

Table legend: (Time is in decaauts)
 A = Elapsed time spent in this place.
 B = Non-inter-level travel time spent in this place.
 C = Inter-level travel time spent in this place.
 D = Time resting spent in this place.
 E = Time spent auto-exploring this place.
 F = Levels seen in this place.
 G = Mean time per level.
                   A        B        C        D        E       F      G
               +--------+--------+--------+--------+--------+-----+--------+
         Total |   2419 |   2361 |     58 |      0 |   2050 |   4 |  604.8 |
       Dungeon |   2419 |   2361 |     58 |      0 |   2050 |   4 |  604.8 |
               +--------+--------+--------+--------+--------+-----+--------+

Top non-repeatable levels by time:
     D:2: 1232 daAuts
     D:1: 601 daAuts
     D:3: 574 daAuts
     D:4: 10 daAuts
